 Dungeon Crawl Stone Soup version 0.30-a0-1124-g6e8f0f562f (webtiles) character file.

Game seed: 6869589717676210986

169348 CryoSword the Stormcaller (level 17, -4/103 (110) HPs)
             Began as a Tengu Air Elementalist on Apr 22, 2023.
             Was a High Priest of Sif Muna.
             Killed from afar by a jorogumo (43 damage)
             ... with a bolt of negative energy
             ... on level 2 of the Spider Nest on Apr 23, 2023.
             The game lasted 01:20:43 (38358 turns).

CryoSword the Stormcaller (Tengu Air Elementalist) Turns: 38358, Time: 01:20:43

HP:   -4/103 (110)  AC: 14    Str: 13    XL:     17   Next: 96%
MP:   11/28         EV: 18    Int: 24    God:    Sif Muna [*****.]
Gold: 495           SH: 16    Dex: 17    Spells: 9/29 levels left

rFire   . . .        a - staff of air
rCold   + . .        T - +4 kite shield {rC+}
rNeg    . . .        A - +2 robe {Archmagi}
rPois   .            v - +1 hat "Selicran" {Regen+}
rElec   +            Q - +1 cloak "Koizorr" {Harm Str+5 Int+2 SInv}
rCorr   .            k - +2 pair of gloves
SInv    +            (boots unavailable)
Will    ++...        c - amulet of magic regeneration
Stlth   +++          S - +4 ring of protection {=R}
HPRegen 1.17/turn    J - ring of willpower
MPRegen 0.61/turn

%: harm (+30% outgoing, +20% incoming), archmagi
@: lethally poisoned (-4 -> -5), flying quickly and evasively, drained, quick
A: beak, talons 3, nimble flight
a: Renounce Religion, Channel Magic, Forget Spell, Divine Exegesis


You were on level 2 of the Spider Nest.
You worshipped Sif Muna.
Sif Muna was extremely pleased with you.
You visited 6 branches of the dungeon, and saw 28 of its levels.
You also visited: Bailey, Ice Cave and Volcano.

You collected 4135 gold pieces.
You spent 3640 gold pieces at shops.

Inventory:

Hand Weapons
 w - the +10 lance "Wyrmbane" {slay drac, rPois rF+ rC+ AC+3}
   (You took it off an orc warrior in a bailey)

   AC:        It affects your AC (+3).
   rF:        It protects you from fire.
   rC:        It protects you from cold.
   rPois:     It protects you from poison.
Missiles
 y - 2 poisoned darts
 z - 2 throwing nets (quivered)
 K - 6 curare-tipped darts
Armour
 k - a +2 pair of gloves (worn)
   (You found it on level 2 of the Dungeon)
 v - the +1 hat "Selicran" (worn) {Regen+}
   (You found it in an ice cave)

   Regen:     It increases your rate of health regeneration.
 x - a scarf of resistance
   (You found it on level 4 of the Lair of Beasts)
 A - a +2 robe of the Archmagi (worn)
   (You took it off Pikel on level 6 of the Dungeon)
 Q - the +1 cloak "Koizorr" (worn) {Harm Str+5 Int+2 SInv}
   (You found it in a bailey)

   Str:       It affects your strength (+5).
   Int:       It affects your intelligence (+2).
   SInv:      It lets you see invisible.
   Harm:      It increases damage dealt and taken.
 T - a +4 kite shield of cold resistance (worn)
   (You found it in an ice cave)
Magical Staves
 a - a staff of air (weapon)
   (You bought it in a shop on level 5 of the Dungeon)
Jewellery
 c - an amulet of magic regeneration (around neck)
   (You found it on level 3 of the Lair of Beasts)
 d - a ring of resist corrosion
   (You found it on level 1 of the Dungeon)
 h - a ring of poison resistance
   (You found it on level 1 of the Spider Nest)
 i - a ring of protection from cold
   (You found it on level 2 of the Dungeon)
 r - the ring of Autotheism {Wiz rF++}
   (You acquired it on level 14 of the Dungeon)

   [ring of wizardry]

   It improves your spell success rate.
   rF:        It greatly protects you from fire.
 u - a ring of positive energy
   (You found it on level 5 of the Dungeon)
 E - a ring of magical power
   (You found it on level 6 of the Dungeon)
 J - a ring of willpower (right hand)
   (You found it on level 13 of the Dungeon)
 S - a +4 ring of protection (left hand) {=R}
   (You found it on level 13 of the Dungeon)
Wands
 o - a wand of quicksilver (8)
   (You found it on level 1 of the Lair of Beasts)
 D - a wand of digging (12)
   (You found it on level 6 of the Dungeon)
 F - a wand of iceblast (6)
   (You found it on level 11 of the Dungeon)
Scrolls
 e - 9 scrolls of fog
 g - 9 scrolls of magic mapping
 m - 4 scrolls of amnesia
 p - 6 scrolls of fear
 s - 5 scrolls of poison {!r}
 B - 11 scrolls of teleportation {@r4}
 L - 2 scrolls of summoning
 P - 2 scrolls of enchant armour
Potions
 b - 5 potions of magic
 f - 3 potions of ambrosia
 j - 14 potions of curing {@q1}
 l - 8 potions of haste {@q3}
 n - a potion of lignification {!q}
 q - 2 potions of cancellation
 t - 10 potions of mutation {!q}
 C - 2 potions of invisibility
 G - 7 potions of might
 H - a potion of heal wounds {@q2}
 M - 6 potions of brilliance
 R - 3 potions of berserk rage
 V - a potion of resistance
Miscellaneous
 U - a phial of floods
   (You found it in an ice cave)


   Skills:
 + Level 13.7 Fighting
 - Level 6.0 Long Blades
 + Level 12.4 Polearms
 + Level 8.3 Dodging
 - Level 5.0 Stealth
 + Level 10.8 Shields
 + Level 6.6 Spellcasting
 + Level 15.0 Conjurations
 * Level 19.4 Air Magic
 + Level 10.7 Invocations


You had 9 spell levels left.
You knew the following spells:

 Your Spells              Type           Power      Damage    Failure   Level
a - Airstrike             Air            61%        2d(9-25)  1%          4
b - Arcjolt               Conj/Air       58%        1d68      1%          5
y - Iskenderun's Battles  Conj           88%        2d14      1%          5
z - Vhi's Electric Charg  Tloc/Air       100%       N/A       1%          3
S - Swiftness             Air            100%       N/A       1%          3

Your spell library contained the following spells:

 Spells                   Type           Power      Damage    Failure   Level
 Shock                    Conj/Air       100%       1d9       0%          1
 Kiss of Death            Conj/Necr      100%       2d13      1%          1
 Poisonous Vapours        Pois/Air       100%       N/A       1%          2
 Static Discharge         Conj/Air       100%       2-7/arc   1%          2
 Mephitic Cloud           Conj/Pois/Air  97%        N/A       1%          3
 Hailstorm                Conj/Ice       60%        3d13      2%          3
 Conjure Ball Lightning   Conj/Air       58%        3x3d21    2%          6
 Freezing Cloud           Conj/Ice/Air   48%        6-21      4%          5
 Flame Wave               Conj/Fire      60%        2d14      8%          4
 Sticky Flame             Conj/Fire      60%        2d8       8%          4
 Apportation              Tloc           24%        N/A       17%         1
 Necrotise                Necr           48%        1d6       17%         1
 Summon Small Mammal      Summ           48%        N/A       17%         1
 Ensorcelled Hibernation  Hex/Ice        24%        N/A       26%         2
 Lesser Beckoning         Tloc           24%        N/A       26%         2
 Sublimation of Blood     Necr           12%        N/A       26%         2
 Maxwell's Capacitive Co  Air            61%        ∞         38%         8
 Call Canine Familiar     Summ           12%        N/A       45%         3
 Confusing Touch          Hex            12%        N/A       45%         3
 Gell's Gravitas          Tloc           12%        N/A       45%         3
 Ignite Poison            Fire/Tmut/Pois 12%        N/A       45%         3
 Inner Flame              Hex/Fire       12%        N/A       45%         3
 Portal Projectile        Hex/Tloc       24%        N/A       45%         3
 Summon Guardian Golem    Hex/Summ       12%        N/A       45%         3
 Teleport Other           Tloc           12%        N/A       45%         3
 Tukima's Dance           Hex            12%        N/A       45%         3
 Plasma Beam              Fire/Air       44%        2x1d64    45%         6
 Iron Shot                Conj/Erth      30%        9d6       77%         6
 Anguish                  Hex/Necr       6%         N/A       86%         4
 Animate Dead             Necr           12%        N/A       86%         4
 Ice Form                 Ice/Tmut       12%        N/A       86%         4
 Leda's Liquefaction      Hex/Erth       6%         N/A       86%         4
 Petrify                  Tmut/Erth      12%        N/A       86%         4
 Summon Ice Beast         Ice/Summ       12%        N/A       86%         4
 Blade Hands              Tmut           6%         N/A       99%         5
 Lee's Rapid Deconstruct  Erth           6%         3d6*      99%         5
 Metabolic Englaciation   Hex/Ice        6%         N/A       99%         5
 Summon Mana Viper        Hex/Summ       12%        N/A       99%         5
 Simulacrum               Ice/Necr       6%         N/A       100%        6
 Statue Form              Tmut/Erth      8%         N/A       100%        6
 Dragon Form              Tmut           6%         N/A       100%        7
 Enfeeble                 Hex            6%         N/A       100%        7
 Haunt                    Necr/Summ      6%         N/A       100%        7
 Monstrous Menagerie      Summ           6%         N/A       100%        7
 Spellforged Servitor     Conj/Summ      30%        N/A       100%        7
 Infestation              Necr           6%         N/A       100%        8
 Lehudib's Crystal Spear  Conj/Erth      30%        10d8      100%        8
 Chain Lightning          Conj/Air       58%        3d78      100%        9


Dungeon Overview and Level Annotations

Branches:
Dungeon (15/15)            Temple (1/1) D:6            Lair (5/5) D:9
 Shoals (2/4) Lair:3       Spider (3/4) Lair:2        Slime (0/5) Lair:4
    Orc (2/2) D:11            Elf (0/3) Orc:2        Vaults (0/5) D:14
 Depths (0/4) D:15         Bailey (visited)           IceCv (visited)
Volcano (visited)

Altars:
Ashenzari
Cheibriados
Dithmenos
Elyvilon
Fedhas
Gozag
Hepliaklqana
Kikubaaqudgha
Makhleb
Nemelex Xobeh
Okawaru
Qazlal
Ru
Sif Muna
Trog
Uskayaw
Vehumet
Wu Jian
Xom
Yredelemnul
Zin
The Shining One
Jiyva

Shops:
D:4 *   D:5 *   D:8 ?**   D:15 !   Orc:1 !   Orc:2 [**(*

Annotations:
D:7 2 runed translucent doors, tmaa's ghost, novice OgBe
Spider:1 2 transporters, Boesh's ghost, adept DgIE


Innate Abilities, Weirdness & Mutations

You have a beak for a mouth.
You have claws for feet.
Your magical nature lets you fly swiftly and evasively.


Message History

Sif Muna accepts your kill.
The tarantella's many legs skitter faintly.
You hear an angry buzzing noise.
You hear a faint skittering sound. x3
A spark wasp comes into view.
A jumping spider comes into view.
You block the redback's attack.
A jorogumo comes into view.
You feel a surge of power!
Electricity surges outward!
You kill the redback!
Sif Muna accepts your kill.
You kill the redback!
Sif Muna accepts your kill.
You hear a chilling moan.
You hear a faint skittering sound.
A culicivora comes into view.
A tarantella comes into view.
You block the wolf spider's attack. x2; The redback bites you!
The jumping spider leaps!
The wolf spider completely misses you. The wolf spider misses you.
The tarantella moves out of view.
Your Conjurations skill increases to level 15!
A jorogumo comes into view.
You feel a surge of power!
Electricity surges outward!
You kill the redback!
Sif Muna accepts your kill.
You kill the wolf spider!
Sif Muna accepts your kill.
You kill the demonic crawler!
Sif Muna accepts your kill.
You hear a faint skittering sound.
An orb spider comes into view.
The jorogumo casts a spell at you. The bolt of negative energy hits you!
You feel drained.
* * * LOW HITPOINT WARNING * * *
The orb spider's many legs skitter faintly.
You block the tarantella's attack. You block the culicivora's attack.
The jorogumo stares at you and mumbles some strange words.
The bolt of negative energy hits you!!
You feel drained.
* * * LOW HITPOINT WARNING * * *
The jumping spider leaps!
You fly upwards.
There is a stone staircase leading down here.
You are caught in the web!
There is a web here.
You struggle to detach yourself from the web.
You struggle to detach yourself from the web.
You disentangle yourself.
There is a stone staircase leading down here.
You start resting.
You fly downwards.
The tarantella touches you but does no damage.
You block the redback's attack. The jumping spider misses you.
The jumping spider bites you but does no damage.
The tarantella misses you.
The redback bites you but does no damage.
You block the culicivora's attack. You block the jumping spider's attack.
The jumping spider bites you. The jumping spider barely misses you.
The jumping spider misses you.
There is a stone staircase leading up, spattered with blood here.
The tarantella closely misses you. You block the redback's attack.
The culicivora barely misses you. The culicivora completely misses you.
You block the jumping spider's attack.
The jumping spider bites you but does no damage.
You block the tarantella's attack.
You fly upwards.
There is a stone staircase leading down here.
You feel a surge of power!
Electricity surges outward!
You kill the redback!
Sif Muna accepts your kill.
You kill the jumping spider!
Sif Muna accepts your kill.
You kill the culicivora!
Sif Muna accepts your kill.
You kill the jumping spider!
Sif Muna accepts your kill. You block the culicivora's attack.
You block the tarantella's attack. The wolf spider hits you.
You block the wolf spider's attack.
The tarantella's wounds heal themselves!
You feel a surge of power!
Electricity surges outward!
You kill the wolf spider!
Sif Muna accepts your kill.
You kill the culicivora!
Sif Muna accepts your kill.
You see here Jutuen's Guide on the Salvo {god gift}.
Sif Muna grants you a gift! The tarantella closely misses you. x2
You feel a surge of power!
Electricity surges outward!
You kill the tarantella!
Sif Muna accepts your kill.
You pick up Jutuen's Guide on the Salvo {god gift} and begin reading...
You add the spells Conjure Ball Lightning and Chain Lightning to your library.
You see here a wolf spider corpse.
You start resting.
You start resting.
Okay, then.
You see here a wolf spider corpse.
There is a stone staircase leading down here.
You fly downwards.
You block the tarantella's attack.
The tarantella misses you. x2; The redback bites you.
You block the tarantella's attack. You block the redback's attack.
The tarantella completely misses you. The tarantella closely misses you.
The redback bites you. The tarantella misses you. The tarantella touches you.
You are confused.
The redback barely misses you.
The redback bites you but does no damage.
The jorogumo hits you but does no damage.
The tarantella barely misses you. The tarantella misses you.
There is a stone staircase leading up, spattered with blood here.
You feel better. You block the tarantella's attack.
You block the redback's attack. The tarantella closely misses you.
The tarantella touches you!
The tarantella touches you but does no damage.
The redback bites you but does no damage.
You block the jorogumo's attack.
You feel a surge of power!
Electricity surges outward!
You kill the tarantella!
Sif Muna accepts your kill.
You kill the redback!
Sif Muna accepts your kill.
You kill the tarantella!
Sif Muna accepts your kill.
You kill the tarantella!
Sif Muna accepts your kill.
You kill the redback!
Sif Muna accepts your kill. You block the tarantella's attack.
The jorogumo hits you!
You are poisoned.
You block the tarantella's attack.
You feel a surge of power!
Electricity surges outward!
You kill the tarantella!
Sif Muna accepts your kill.
You feel very sick.
You hear a faint skittering sound.
You block the jorogumo's attack.
You feel very sick. The spark wasp barely misses you.
The jorogumo barely misses you. The spark wasp stings you.
The spark wasp shocks you!
* * * LOW HITPOINT WARNING * * *
You fly upwards.
You feel very sick.
There is a stone staircase leading down here.
a - a staff of air (weapon)
You feel sick. You block the jorogumo's attack.
You feel a strong surge of power!
Electricity surges outward!
You feel very sick. The spark wasp misses you. You block the jorogumo's attack.
You block the spark wasp's attack.
You feel a strong surge of power!
Electricity surges outward!
You feel sick.
The jorogumo stares at you and mumbles some strange words.
The bolt of negative energy hits you!!!
You feel drained.
You die...

##.####.......... ###
#......./........ #.###
##.#.............#
##..###..#...........##.
#.......#...........##.
##....##......###....#..
#^^....#....### ##......
##.....H#...## #......
#....y@##...## ##......
##..#####....###...##..
##### ###..##.##..###..
#..####...####...## ###
##...............# ##
#..........##...#####.
#^..........#.##.##...
#..........†..###.....
#.............####.##.


You could see a jorogumo and a spark wasp.

Vanquished Creatures
  A shard shrike (IceCv)
  Mlioglotl (Lair:2)
  Agnes (Spider:1)
  A broodmother (Spider:1)
  A white draconian (IceCv)
  A red draconian (Volcano)
  A merfolk javelineer (Shoals:2)
  Josephine (Orc:1)
  3 entropy weavers
  2 ettins
  3 merfolk impalers
  A great orb of eyes (D:14)
  An ice dragon (IceCv)
  2 ogre magi
  A jorogumo (Spider:2)
  9 centaur warriors
  A merfolk aquamancer (Shoals:2)
  5 ironbound frosthearts (IceCv)
  A radroach (Spider:1)
  A merfolk avatar (Shoals:1)
  A catoblepas (Lair:5)
  A hydra (D:15)
  9 two-headed ogres
  3 satyrs (Shoals:2)
  7 boulder beetles
  3 death yaks
  4 tengu warriors
  3 orc high priests (Orc:2)
  2 skysharks (Shoals:1)
  3 pharaoh ants
  An iron troll (D:14)
  An orb spider (Spider:1)
  6 sea snakes
  A lindwurm (D:14)
  A wizard (D:15)
  A steelbarb worm (Spider:1)
  A harpy (shapeshifter) (D:14)
  An orange crystal statue (IceCv)
  Pikel (D:6)
  A necromancer (D:15)
  10 ugly things
  2 deep elf pyromancers
  9 harpies (Shoals:1)
  10 orc knights
  9 orc sorcerers
  13 wolf spiders
  4 cyclopes
  A moth of wrath (Spider:2)
  5 manticores
  24 fauns
  5 merfolk sirens
  A water nymph (shapeshifter) (D:14)
  2 centaur zombies (D:15)
  8 elephants
  Joseph (D:10)
  A guardian serpent (Lair:5)
  4 black mambas
  6 demonic crawlers
  14 cane toads
  3 torpor snails
  16 rime drakes
  An unseen horror (D:11)
  2 centaur skeletons (D:15)
  14 komodo dragons
  2 kobold demonologists
  20 polar bears
  2 freezing wraiths
  3 meliai (Spider:1)
  2 trolls (Orc:1)
  4 wind drakes
  3 tengu conjurers (D:13)
  19 merfolk
  19 tarantellas
  A blink frog (shapeshifter) (D:13)
  3 hornets
  3 dream sheep (Lair:5)
  16 blink frogs (Lair:3)
  3 snapping turtles
  16 jumping spiders
  12 culicivoras
  Sigmund (D:3)
  5 slime creatures (D:12)
  A slime creature (shapeshifter) (D:14)
  A vampire (D:13)
  4 water elementals (Shoals:2)
  13 wyverns
  8 wraiths
  42 yaks
  7 basilisks
  A golden eye (shapeshifter) (D:15)
  Eustachio (D:4)
  38 redbacks
  A steam dragon (D:7)
  2 wargs
  Menkaure (D:7)
  10 vampire mosquitoes
  20 water moccasins
  34 orc warriors
  2 black bears
  31 wolves
  7 ogres
  5 boggarts (D:15)
  17 centaurs
  4 lemures (D:6)
  2 phantoms
  8 bullfrogs
  6 kobold brigands
  Blork the orc (D:5)
  2 scorpions
  2 gnoll sergeants
  2 necrophages (D:5)
  17 wights
  6 killer bees (D:9)
  An electric eel (D:8)
  3 howler monkeys (D:8)
  2 bullfrog zombies (D:5)
  2 jellies (D:4)
  A gnoll bouda (D:9)
  6 hounds
  27 orc priests
  Crazy Yiuf (D:7)
  A human zombie (D:5)
  A sleepcap (D:4)
  A scorpion zombie (D:5)
  3 iguanas
  25 orc wizards
  A boggart skeleton (D:15)
  A killer bee zombie (D:5)
  A mummy (D:5)
  A howler monkey zombie (D:5)
  22 gnolls
  8 adders
  A shadow imp (D:6)
  4 dart slugs
  95 orcs
  8 ball pythons
  3 bats
  4 endoplasms
  4 giant cockroaches
  5 goblins
  9 hobgoblins
  4 quokkas
  3 frilled lizards
  22 kobolds
  6 rats
960 creatures vanquished.

Vanquished Creatures (others)
  An orc warrior (Orc:2)
  65 fungi
  150 plants
216 creatures vanquished.

Grand Total: 1176 creatures vanquished

Notes
Turn   | Place    | Note
-------+----------+-------------------------------------------
     0 | D:1      | CryoSword the Tengu Air Elementalist began the quest for
                  | the Orb.
     0 | D:1      | Reached XP level 1. HP: 10/10 MP: 4/4
   178 | D:1      | Reached XP level 2. HP: 12/15 MP: 0/6
   637 | D:1      | Reached XP level 3. HP: 19/19 MP: 0/7
   791 | D:1      | Learned a level 2 spell: Static Discharge
   795 | D:1      | Learned a level 3 spell: Swiftness
  1022 | D:2      | Found a radiant altar of Vehumet.
  1076 | D:2      | Reached skill level 5 in Air Magic
  1574 | D:2      | Reached XP level 4. HP: 24/24 MP: 2/8
  2348 | D:3      | Found a basalt altar of Yredelemnul.
  2402 | D:3      | Noticed Sigmund
  2963 | D:4      | Reached skill level 6 in Air Magic
  2963 | D:4      | Gained mutation: Your magical nature lets you fly swiftly
                  | and evasively. [Tengu growth]
  2963 | D:4      | Reached XP level 5. HP: 26/28 MP: 2/9
  3270 | D:4      | Reached skill level 5 in Conjurations
  3401 | D:4      | Found Rohog's Assorted Antiques.
  3411 | D:4      | Bought a scroll labelled NAELUH DOWKU for 18 gold pieces
  3411 | D:4      | Bought a long wooden wand for 72 gold pieces
  3457 | D:4      | Noticed a phantom
  3464 | D:4      | Killed a phantom
  3465 | D:4      | Reached XP level 6. HP: 23/32 MP: 0/10
  3779 | D:5      | Entered Level 5 of the Dungeon
  3779 | D:5      | Noticed Eustachio
  3794 | D:4      | Killed Eustachio
  3795 | D:4      | Reached skill level 7 in Air Magic
  3896 | D:5      | Reached XP level 7. HP: 36/36 MP: 11/11
  3896 | D:5      | Found Kaca's Elemental Accessories.
  4002 | D:4      | Bought a slimy lead amulet for 90 gold pieces
  4002 | D:4      | Identified the amulet of the Cursing King {Spirit Int+5
                  | Dex+3} (You bought it in a shop on level 4 of the Dungeon)
  4233 | D:5      | Noticed Blork the orc
  4260 | D:5      | Killed Blork the orc
  4456 | D:5      | Found an ancient bone altar of Kikubaaqudgha.
  4690 | D:5      | Reached XP level 8. HP: 25/41 MP: 5/13
  4759 | D:5      | Reached skill level 8 in Air Magic
  4994 | D:3      | Killed Sigmund
  4995 | D:3      | Reached skill level 5 in Dodging
  5013 | D:3      | Identified the +9 chain mail of Muttered Phrases {Str+4}
  5020 | D:3      | Learned a level 4 spell: Airstrike
  5529 | D:5      | Found a hazy altar of Hepliaklqana.
  5783 | D:6      | Reached skill level 9 in Air Magic
  5923 | D:6      | Reached XP level 9. HP: 45/45 MP: 7/16
  6130 | D:6      | Reached skill level 1 in Long Blades
  6265 | D:6      | Found a broken altar of Ashenzari.
  6266 | D:6      | Noticed Pikel
  6309 | D:6      | Reached skill level 1 in Fighting
  6639 | D:6      | Found a staircase to the Ecumenical Temple.
  6655 | D:6      | Killed Pikel
  6683 | Temple   | Entered the Ecumenical Temple
  6854 | D:6      | Reached skill level 10 in Air Magic
  8121 | D:7      | Noticed Menkaure
  8142 | D:7      | Killed Menkaure
  8272 | D:7      | Reached XP level 10. HP: 56/56 MP: 17/17
  8719 | D:7      | Found a large runed translucent door.
  8719 | D:7      | Found a large runed translucent door.
  8722 | D:7      | Noticed tmaa's ghost (novice OgBe)
  9048 | D:7      | Found a runed translucent door.
  9049 | D:7      | Noticed Crazy Yiuf
  9127 | D:7      | Killed Crazy Yiuf
  9500 | D:8      | Found Nisy's General Store.
  9641 | D:8      | Found Zechites's Distillery.
  9644 | D:8      | Reached skill level 5 in Fighting
  9683 | D:8      | Found Ehosul's Magic Scroll Emporium.
  9683 | D:8      | Found Vaibrag's General Store.
  9788 | D:8      | Found an ornate altar of the Wu Jian Council.
 10284 | D:8      | Reached skill level 11 in Air Magic
 10889 | D:9      | Reached skill level 5 in Long Blades
 10960 | D:9      | Found a hide-covered altar of Uskayaw.
 11191 | D:9      | Found a staircase to the Lair.
 11235 | D:9      | Found a flagged portal.
 11253 | Bailey   | Entered a bailey
 11410 | Bailey   | Noticed an orc knight
 12101 | Bailey   | Killed an orc knight
 12102 | Bailey   | Reached XP level 11. HP: 67/67 MP: 14/18
 12192 | Bailey   | Noticed an orc knight
 12205 | Bailey   | Killed an orc knight
 12309 | Bailey   | Identified the +1 cloak "Koizorr" {Harm Str+5 Int+2 SInv}
 12546 | D:9      | Reached skill level 1 in Polearms
 12841 | D:9      | Found a shimmering blue altar of Sif Muna.
 12982 | D:9      | Became a worshipper of Sif Muna the Loreminder
 13014 | D:10     | Entered Level 10 of the Dungeon
 13124 | D:10     | Reached skill level 5 in Stealth
 13177 | D:5      | Bought a staff of air for 275 gold pieces
 13227 | D:8      | Bought a scroll of fear for 52 gold pieces
 13227 | D:8      | Bought 2 curare-tipped darts for 31 gold pieces
 13233 | D:8      | Bought a potion of might for 56 gold pieces
 13431 | D:10     | Found a glowing silver altar of Zin.
 13461 | D:10     | Noticed Joseph
 13464 | D:10     | Killed Joseph
 13465 | D:10     | Reached skill level 12 in Air Magic
 13898 | D:10     | Found a bloodstained altar of Trog.
 14459 | D:11     | Reached * piety under Sif Muna
 14678 | D:11     | Found a staircase to the Orcish Mines.
 14833 | D:11     | Reached skill level 1 in Invocations
 15148 | D:11     | Noticed a manticore
 15152 | D:11     | Killed a manticore
 15819 | D:12     | Reached skill level 5 in Polearms
 15982 | D:12     | Noticed a red ugly thing
 15986 | D:12     | Killed a red ugly thing
 15987 | D:12     | Reached skill level 1 in Shields
 16076 | D:12     | Reached XP level 12. HP: 43/75 MP: 18/19
 16460 | D:12     | Noticed a two-headed ogre
 16482 | D:12     | Killed a two-headed ogre
 16482 | D:12     | Reached ** piety under Sif Muna
 16571 | D:12     | Noticed a boulder beetle
 16589 | D:12     | Killed a boulder beetle
 17243 | D:8      | Bought a potion of berserk rage for 70 gold pieces
 17249 | D:8      | Bought a scroll of fog for 52 gold pieces
 17255 | D:8      | Bought a potion of curing for 42 gold pieces
 17261 | D:8      | Bought a scroll of identify for 22 gold pieces
 17261 | D:8      | Bought a scroll of identify for 22 gold pieces
 17549 | D:12     | Noticed a two-headed ogre
 17552 | D:12     | Killed a two-headed ogre
 17769 | Lair:1   | Entered Level 1 of the Lair of Beasts
 17987 | Lair:1   | Reached skill level 13 in Air Magic
 18351 | Lair:1   | Reached skill level 10 in Fighting
 18408 | Lair:1   | Reached skill level 5 in Invocations
 19255 | Lair:2   | Reached XP level 13. HP: 82/82 MP: 20/20
 19416 | Lair:2   | Reached *** piety under Sif Muna
 19484 | Lair:2   | Found a hole to the Spider Nest.
 19949 | Lair:2   | Got the Omnibus of the Trilobite
 20933 | Lair:3   | Found a staircase to the Shoals.
 21584 | Lair:3   | Reached **** piety under Sif Muna
 21943 | Lair:4   | Found a dark tunnel.
 21958 | Volcano  | Entered a volcano
 22082 | Volcano  | Reached skill level 5 in Shields
 22082 | Volcano  | Reached skill level 14 in Air Magic
 22141 | Volcano  | Noticed a red draconian
 22145 | Volcano  | Killed a red draconian
 22527 | Lair:4   | Reached XP level 14. HP: 90/90 MP: 15/21
 22894 | Lair:4   | Found a staircase to the Slime Pits.
 22894 | Lair:4   | Found a viscous altar of Jiyva.
 23062 | Lair:4   | Learned a level 3 spell: Vhi's Electric Charge
 23068 | Lair:4   | Learned a level 5 spell: Arcjolt
 23103 | Lair:5   | Entered Level 5 of the Lair of Beasts
 23116 | Lair:4   | Reached skill level 10 in Polearms
 23503 | Lair:5   | Reached ***** piety under Sif Muna
 23530 | Lair:5   | Received a gift from Sif Muna
 23531 | Lair:5   | Got Jacain's Catalogue of Bad Luck and Battling {god gift}
 23681 | Lair:5   | Reached skill level 10 in Conjurations
 23718 | Lair:5   | Learned a level 5 spell: Iskenderun's Battlesphere
 24268 | Lair:5   | Identified the +5 great sword of Focus {flame, Fly}
 24331 | Lair:5   | Reached skill level 15 in Air Magic
 26103 | D:14     | Reached XP level 15. HP: 83/96 MP: 5/22
 26155 | D:14     | Found a frozen archway.
 26173 | IceCv    | Entered an ice cave
 26994 | IceCv    | Identified the +1 hat "Selicran" {Regen+}
 27002 | IceCv    | Noticed a shard shrike
 27024 | IceCv    | Reached skill level 16 in Air Magic
 27308 | IceCv    | Killed a shard shrike
 27532 | IceCv    | Reached skill level 5 in Spellcasting
 27928 | D:14     | Identified 2 scrolls of acquirement
 27929 | D:14     | Acquired 1259 gold pieces
 27931 | D:14     | Acquired the ring of Autotheism {Wiz rF++}
 28208 | D:14     | Found a gate to the Vaults.
 28310 | D:15     | Entered Level 15 of the Dungeon
 28536 | D:15     | Found a staircase to the Depths.
 28633 | D:15     | Received a gift from Sif Muna
 28634 | D:15     | Got Dashu's Verses on Interference and the Mausoleum {god
                  | gift}
 28656 | D:15     | Found an opulent altar of Gozag.
 28785 | D:15     | Reached XP level 16. HP: 95/103 MP: 12/25
 29122 | D:15     | Found Giberhum's Distillery.
 29125 | D:15     | Bought a potion of mutation for 136 gold pieces
 29125 | D:15     | Bought a potion of brilliance for 68 gold pieces
 29125 | D:15     | Bought a potion of might for 68 gold pieces
 29125 | D:15     | Bought a potion of magic for 136 gold pieces
 29125 | D:15     | Bought a potion of curing for 51 gold pieces
 29125 | D:15     | Bought a potion of heal wounds for 85 gold pieces
 29313 | D:4      | Bought a potion of curing for 54 gold pieces
 29359 | D:8      | Bought a potion of berserk rage for 70 gold pieces
 29359 | D:8      | Bought a potion of magic for 112 gold pieces
 29359 | D:8      | Bought 2 potions of mutation for 224 gold pieces
 29359 | D:8      | Bought a potion of haste for 140 gold pieces
 29359 | D:8      | Bought a potion of berserk rage for 70 gold pieces
 29365 | D:8      | Bought a scroll of enchant armour for 82 gold pieces
 29365 | D:8      | Bought a scroll of blinking for 82 gold pieces
 29371 | D:8      | Bought a scroll of blinking for 105 gold pieces
 29371 | D:8      | Bought a scroll of magic mapping for 105 gold pieces
 29873 | Orc:1    | Entered Level 1 of the Orcish Mines
 30156 | Orc:1    | Noticed Josephine
 30173 | Orc:1    | Killed Josephine
 30174 | Orc:1    | Reached skill level 17 in Air Magic
 30221 | Orc:1    | Found Qeosedae's Distillery.
 30230 | Orc:1    | Bought a potion of might for 64 gold pieces
 30230 | Orc:1    | Bought a potion of brilliance for 64 gold pieces
 30230 | Orc:1    | Bought a potion of might for 64 gold pieces
 30238 | Orc:2    | Entered Level 2 of the Orcish Mines
 30483 | Orc:2    | Paralysed by an orc sorcerer for 4 turns
 30878 | Orc:2    | Found a shimmering blue altar of Sif Muna.
 30976 | Orc:2    | Found a staircase to the Elven Halls.
 31046 | Orc:2    | Found Kah Lin's General Store.
 31147 | Orc:2    | Found Yluttestem's Weapon Emporium.
 31154 | Orc:2    | Found Nida's Assorted Antiques.
 31156 | Orc:2    | Bought 2 curare-tipped darts for 26 gold pieces
 31158 | Orc:2    | Found Ixzetat's Assorted Antiques.
 31164 | Orc:2    | Bought a glittering iron ring for 160 gold pieces
 31164 | Orc:2    | Identified the ring of Law {rF- Str+6 Int-3 Dex+5} (You
                  | bought it in a shop on level 2 of the Orcish Mines)
 31168 | Orc:2    | Bought a potion of heal wounds for 85 gold pieces
 31255 | Orc:2    | Found Qemp's Armour Boutique.
 31675 | Orc:2    | Bought a scroll of identify for 30 gold pieces
 31675 | Orc:2    | Bought a scroll of magic mapping for 112 gold pieces
 31675 | Orc:2    | Bought a scroll of enchant armour for 112 gold pieces
 31675 | Orc:2    | Bought a scroll of identify for 30 gold pieces
 31687 | Orc:2    | Bought a scroll of enchant armour for 127 gold pieces
 31687 | Orc:2    | Bought a scroll of teleportation for 51 gold pieces
 31689 | Orc:2    | Bought a potion of brilliance for 128 gold pieces
 31689 | Orc:2    | Bought a scroll of identify for 64 gold pieces
 31923 | Shoals:1 | Entered Level 1 of the Shoals
 32561 | Shoals:1 | Received a gift from Sif Muna
 32562 | Shoals:1 | Got Sif Muna's Volume of Altered Maleficent Arts {god gift}
 32789 | Shoals:1 | Reached skill level 10 in Invocations
 33100 | Shoals:1 | Reached skill level 18 in Air Magic
 33383 | Shoals:2 | Reached XP level 17. HP: 109/109 MP: 9/27
 33843 | Shoals:2 | Reached skill level 10 in Shields
 35421 | D:8      | Bought a scroll of brand weapon for 133 gold pieces
 35531 | Spider:1 | Entered Level 1 of the Spider Nest
 35680 | Spider:1 | Noticed Mlioglotl
 35773 | Lair:2   | Noticed an Executioner
 35798 | Lair:2   | Killed Mlioglotl
 36015 | Spider:1 | Received a gift from Sif Muna
 36159 | Spider:1 | Noticed Agnes
 36163 | Spider:1 | Killed Agnes
 36373 | Spider:1 | Found a transporter.
 36384 | Spider:1 | Noticed Boesh's ghost (adept DgIE)
 36402 | Spider:1 | Found a transporter.
 36494 | Spider:1 | Identified the +1 flail of Disaster {drain, rElec rF+}
 36637 | Spider:2 | Reached skill level 19 in Air Magic
 38244 | Spider:3 | Reached skill level 15 in Conjurations
 38322 | Spider:2 | Received a gift from Sif Muna
 38324 | Spider:2 | Got Jutuen's Guide on the Salvo {god gift}
 38358 | Spider:2 | Killed from afar by a jorogumo

Illustrated notes

Levels and vault maps discovered:
D:1:      mrwooster_arrival_arrow, layout_basic
D:2:      layout_basic, basic_altar, amethyst_killhole, hex_intersection
D:3:      layout_rooms, mainiacjoe_overflow_small_starburst,
          nrook_mini_backslash, corexii_shack, uniq_sigmund
D:4:      layout_basic, serial_shops, nicolae_shop_overgrown_old_shop
D:5:      wander_river, layout_rooms, lemuel_mausoleum_altar_kikubaaqudgha,
          marbit_many_paths, nicolae_elemental_shop, uniq_blork_the_orc,
          uniq_eustachio
D:6:      layout_loops_corners, nicolae_ashenzari_skybound,
          minmay_temple_entry_sparse_star, uniq_pikel
D:7:      layout_basic, ebering_ghost_disaster_area, uniq_crazy_yiuf_cottage,
          uniq_menkaure
D:8:      layout_cave_pools, mainiacjoe_overflow_tiny_flanked,
          nicolae_shop_national_dungeon_mall, minmay_puff
D:9:      layout_rooms, nicolae_overflow_hidden_temple,
          mainiacjoe_overflow_cross_hatched, grunt_lair_entry_orc_guard_hut,
          enter_bailey_7, minmay_misc_feat_diagonals
D:10:     layout_roguey, mainiacjoe_overflow_boulevard,
          mainiacjoe_overflow_alcove_4, uniq_joseph
D:11:     layout_irregular_city, david_orc_4, serial_rivers,
          chequers_serial_rivers_micro_d, chequers_serial_rivers_micro_a,
          chequers_serial_rivers_micro_a, chequers_serial_rivers_micro_b,
          chequers_serial_rivers_small_b, chequers_serial_rivers_micro_a
D:12:     layout_grid_maze
D:13:     layout_roguey
D:14:     layout_roguey, david_vaults_4, infiniplex_staircase_pool_1,
          portal_ice_cave_entry_pillars_2
D:15:     grunt_enter_depths_magical_seal, layout_loops_cross, serial_shops,
          nicolae_shop_window_shopping, grunt_gozag_breadcrumbs,
          dreamdust_looks_like_rain
Temple:   dshaligram_water_room_temple
Lair:1:   layout_chaotic_city, serial_bayou_shore_b, grunt_megastairs_4,
          lemuel_fruit_tree, infiniplex_staircase_pool_2
Lair:2:   layout_chaotic_city, nicolae_spider_entry_lesser_pyramids,
          mumra_transporter_accident, chequers_serial_rivers_micro_a,
          minivault_25
Lair:3:   layout_cave_pods, minmay_shoals_entry_centaurs,
          chequers_serial_rivers_large_a, columned_hall_lemuel
Lair:4:   layout_gridlike, slime_entry_1, nicolae_volcano_entry_lava_flow
Lair:5:   hangedman_lair_tendril_chambers, layout_long_grid
Shoals:1: layout_shoals
Shoals:2: layout_shoals
Spider:1: layout_spider_delve, gammafunk_ghost_arena, uniq_mlioglotl, uniq_agnes
Spider:2: layout_chambers
Spider:3: nicolae_spider_mines_1, hellmonk_deceptive_appearances,
          hangedman_spider_tarantella_strand
Orc:1:    layout_caves, serial_shops, shop, uniq_josephine
Orc:2:    st_orc_elflike, layout_diamond_mine, serial_shops,
          nicolae_shop_tiny_glass, kennysheep_orc_sif_temple

Skill      XL: |  1  2  3  4  5  6  7  8  9 10 11 12 13 14 15 16 17 |
---------------+----------------------------------------------------+-----
Conjurations   | 2 3 4 5 6 8 9 11 13 14 15 | 15.0
Air Magic      | 5 6 7 9 10 11 12 13 14 15 16 18 19 | 19.4
Dodging        | 3 4 6 7 8 |  8.3
Spellcasting   | 3 4 5 6 |  6.6
Long Blades    | 3 5 6 |  6.0
Fighting       | 3 7 8 10 11 12 13 | 13.7
Stealth        | 4 5 |  5.0
Polearms       | 5 7 9 11 12 | 12.4
Invocations    | 2 5 7 8 9 10 | 10.7
Shields        | 1 3 5 7 9 10 | 10.8

Action                     |  1- 3 |  4- 6 |  7- 9 | 10-12 | 13-15 | 16-18 || total
---------------------------+-------+-------+-------+-------+-------+-------++-------
  Melee: Unarmed           |     3 |       |     5 |       |       |       ||     8
         Kick              |     3 |     4 |    12 |    35 |   134 |    89 ||   277
         Peck              |     2 |     1 |     4 |    18 |    89 |    68 ||   182
         Short sword       |     6 |     2 |       |       |       |       ||     8
         Dagger            |       |    12 |       |       |       |       ||    12
         Falchion          |       |     2 |    44 |    64 |       |       ||   110
         Punch             |       |       |     1 |     1 |     2 |       ||     4
         Lance             |       |       |       |    19 |   325 |   320 ||   664
         Staff             |       |       |       |    22 |    24 |    11 ||    57
  Throw: Throwing net      |       |       |       |       |     2 |       ||     2
   Cast: Shock             |    66 |    61 |   132 |   150 |       |       ||   409
         Static Discharge  |       |     8 |    22 |    95 |    14 |       ||   139
         Airstrike         |       |       |    26 |   193 |   355 |   323 ||   897
         Arcjolt           |       |       |       |       |    82 |   104 ||   186
         Iskenderun's Batt |       |       |       |       |     5 |    17 ||    22
         Maxwell's Capacit |       |       |       |       |     1 |     1 ||     2
 Invoke: Channel Magic     |       |       |       |       |     2 |     2 ||     4
         Divine Exegesis   |       |       |       |       |     1 |     1 ||     2
  Evoke: Wand              |       |       |     2 |     1 |       |       ||     3
         Phial of floods   |       |       |       |       |       |     1 ||     1
    Use: Scroll            |       |     8 |     1 |    11 |    11 |    10 ||    41
         Potion            |       |       |       |       |    10 |     7 ||    17
   Stab: Sleeping          |       |     1 |     4 |       |     2 |     1 ||     8
         Distracted        |       |       |       |       |     1 |     4 ||     5
 Armour: Robe              |     2 |     1 |     8 |    19 |   104 |   111 ||   245
         Skin              |       |       |     2 |       |       |       ||     2
         Leather armour    |       |       |     2 |       |       |       ||     2
  Dodge: Dodged            |     9 |    20 |    99 |   263 |   257 |   161 ||   809
  Block: Buckler           |       |       |       |       |    37 |       ||    37
         Kite shield       |       |       |       |       |    45 |   317 ||   362

Table legend: (Time is in decaauts)
 A = Elapsed time spent in this place.
 B = Non-inter-level travel time spent in this place.
 C = Inter-level travel time spent in this place.
 D = Time resting spent in this place.
 E = Time spent auto-exploring this place.
 F = Levels seen in this place.
 G = Mean time per level.
                   A        B        C        D        E       F      G
               +--------+--------+--------+--------+--------+-----+--------+
         Total |  36242 |  33510 |   2732 |   4316 |  23126 |  31 | 1169.1 |
       Dungeon |  19106 |  17229 |   1877 |   2222 |  12051 |  15 | 1273.7 |
        Temple |    154 |    142 |     12 |     62 |     68 |   1 |  154.0 |
          Lair |   6910 |   6431 |    479 |    327 |   5161 |   5 | 1382.0 |
        Shoals |   3158 |   3090 |     68 |    325 |   2306 |   2 | 1579.0 |
   Spider Nest |   2416 |   2277 |    139 |    197 |   1639 |   3 |  805.3 |
  Orcish Mines |   1731 |   1576 |    155 |    200 |   1064 |   2 |  865.5 |
        Bailey |   1091 |   1091 |      0 |    378 |    405 |   1 | 1091.0 |
      Ice Cave |   1317 |   1317 |      0 |    490 |    428 |   1 | 1317.0 |
       Volcano |    354 |    354 |      0 |    114 |      0 |   1 |  354.0 |
               +--------+--------+--------+--------+--------+-----+--------+

Top non-repeatable levels by time:
     D:5: 1898 daAuts
    D:12: 1859 daAuts
Shoals:2: 1829 daAuts
     D:6: 1806 daAuts
  Lair:5: 1745 daAuts
Spider:2: 1594 daAuts
  Lair:2: 1493 daAuts
  Lair:3: 1477 daAuts
     D:7: 1472 daAuts
     D:8: 1435 daAuts
  Lair:1: 1386 daAuts
    D:11: 1358 daAuts
     D:9: 1346 daAuts
Shoals:1: 1329 daAuts
   IceCv: 1317 daAuts
